SA
CHICAGO TULA @ COLUMBIA RIVER RATS
07/17/2022
 
TOP OF THE 1ST
Chicago Tula batting - Pitching for Columbia River Rats : RHP Danial Apodaca
Pitching: RHP Danial Apodaca
Batting: RHB Gil Nichols 0-0: Called Strike
0-1: Ball
1-1: Ground out 4-3 (Groundball, 4)
Batting: RHB Jorge Rodríguez 0-0: Ball
1-0: Foul Ball, location: 2F
1-1: Fly out, F8 (Flyball, 8RM)
Batting: LHB Arturo Ballina 0-0: Ball
1-0: Called Strike
1-1: Swinging Strike
1-2: Ball
2-2: DOUBLE (Line Drive, 56)
Batting: SHB Jake Richardson 0-0: Called Strike
0-1: Swinging Strike
0-2: Strikes out swinging
Top of the 1st over - 0 run(s), 1 hit(s), 0 error(s), 1 left on base; Chicago 0 - Columbia 0
BOTTOM OF THE 1ST
Columbia River Rats batting - Pitching for Chicago Tula : RHP Ignacio Aguilar
Pitching: RHP Ignacio Aguilar
Batting: RHB Marcos Calderón 0-0: Ball
1-0: Called Strike
1-1: Swinging Strike
1-2: Fly out, F7 (Flyball, 7S)
Batting: RHB Miguel Montoya 0-0: Fly out, F8 (Popup, 8RS)
Batting: RHB Bryce Bancroft 0-0: Fly out, F8 (Flyball, 8LM)
Bottom of the 1st over - 0 run(s), 0 hit(s), 0 error(s), 0 left on base; Chicago 0 - Columbia 0
TOP OF THE 2ND
Chicago Tula batting - Pitching for Columbia River Rats : RHP Danial Apodaca
Batting: LHB António González 0-0: SINGLE (Line Drive, 6M)
Batting: LHB Roberto Sánchez 0-0: Ball
1-0: Swinging Strike
1-1: Swinging Strike
1-2: Ball
2-2: Ball
3-2: Foul Ball, location: 2F
3-2: Strikes out looking
António González steals 2nd base
Batter strikes out.
Batting: LHB Gerald Kaufman 0-0: Ball
1-0: Ball
2-0: Foul Ball, location: 2F
2-1: Called Strike
2-2: Ball
3-2: Foul Ball, location: 2F
3-2: Base on Balls
Batting: RHB Miguel Cruz 0-0: Ball
1-0: Called Strike
1-1: SINGLE (Groundball, 56D)
António González to third
Gerald Kaufman to second
Batting: RHB Héctor Hernández 0-0: Fly out, F6 (Line Drive, 6)
Batting: RHB Gil Nichols 0-0: SINGLE (Line Drive, 78S)
António González scores
Gerald Kaufman to third
Miguel Cruz to second
Runner from 3rd tries for Home, SAFE, no throw or cutoff
Batting: RHB Jorge Rodríguez 0-0: Called Strike
0-1: Called Strike
0-2: Ball
1-2: Strikes out swinging
Top of the 2nd over - 2 run(s), 3 hit(s), 0 error(s), 2 left on base; Chicago 2 - Columbia 0
BOTTOM OF THE 2ND
Columbia River Rats batting - Pitching for Chicago Tula : RHP Ignacio Aguilar
Batting: RHB Jan Gosselin 0-0: Called Strike
0-1: Swinging Strike
0-2: Fly out, F8 (Flyball, 8RM)
Batting: RHB Ron Spence 0-0: Called Strike
0-1: Foul Ball, location: 2F
0-2: Foul Ball, location: 2F
0-2: Foul Ball, location: 2F
0-2: Foul Ball, location: 2F
0-2: SINGLE (Line Drive, 6MD)
Batting: LHB Luis Vicenteno 0-0: Ball
Throwing error on steal attempt, E2
Ron Spence to third
1-0: SINGLE (Flyball, 78S)
Ron Spence scores
Batting: RHB Eduardo Checchinato 0-0: Called Strike
Throwing error on steal attempt, E2
Luis Vicenteno to third
0-1: Swinging Strike
0-2: Ball
1-2: Ball
2-2: Ball
3-2: Foul Ball, location: 2F
3-2: Fly out, F5 (Popup, 5SF)
Batting: RHB Héctor Rodríguez 0-0: Called Strike
0-1: Ball
1-1: Ball
2-1: Called Strike
2-2: Foul Ball, location: 2F
2-2: Foul Ball, location: 2F
2-2: Strikes out swinging
Bottom of the 2nd over - 1 run(s), 2 hit(s), 2 error(s), 1 left on base; Chicago 2 - Columbia 1
TOP OF THE 3RD
Chicago Tula batting - Pitching for Columbia River Rats : RHP Danial Apodaca
Batting: LHB Arturo Ballina 0-0: Foul Ball, location: 2F
0-1: Ball
1-1: SINGLE (Line Drive, 6)
Batting: SHB Jake Richardson 0-0: Ball
1-0: Foul Ball, location: 2F
1-1: Ball
2-1: Ball
3-1: Base on Balls
Arturo Ballina to second
Batting: LHB António González 0-0: Called Strike
0-1: SINGLE (Line Drive, 89S)
Arturo Ballina to third
Jake Richardson to second
Batting: LHB Roberto Sánchez 0-0: Ball
1-0: Foul Ball, location: 2F
1-1: Swinging Strike
1-2: Ball
2-2: Fly out, F9 (Flyball, 9M)
Runner from 3rd tags up, SCORES, no throw
Batting: LHB Gerald Kaufman 0-0: Called Strike
0-1: Foul Ball, location: 2F
0-2: Strikes out swinging
Batting: RHB Miguel Cruz 0-0: Foul Ball, location: 2F
0-1: Foul Ball, location: 2F
0-2: Foul Ball, location: 2F
0-2: Ball
1-2: Ball
2-2: Ball
3-2: Fly out, F3 (Popup, 3DF)
Top of the 3rd over - 1 run(s), 2 hit(s), 0 error(s), 2 left on base; Chicago 3 - Columbia 1
BOTTOM OF THE 3RD
Columbia River Rats batting - Pitching for Chicago Tula : RHP Ignacio Aguilar
Batting: LHB Juan Montés 0-0: Called Strike
0-1: Ball
1-1: Ball
2-1: Ground out 4-3 (Groundball, 4)
Batting: RHB Marcos Calderón 0-0: Ball
1-0: Foul Ball, location: 2F
1-1: Ball
2-1: Called Strike
2-2: Strikes out looking
Batting: RHB Miguel Montoya 0-0: Foul Ball, location: 2F
0-1: Ball
1-1: Foul Ball, location: 2F
1-2: SINGLE (Line Drive, 6M)
Batting: RHB Bryce Bancroft 0-0: Ball
1-0: Ball
2-0: Ball
3-0: Base on Balls
Miguel Montoya to second
Batting: RHB Jan Gosselin 0-0: Ball
1-0: Foul Ball, location: 2F
1-1: Swinging Strike
1-2: Ball
2-2: Ball
3-2: Strikes out swinging
Bottom of the 3rd over - 0 run(s), 1 hit(s), 0 error(s), 2 left on base; Chicago 3 - Columbia 1
TOP OF THE 4TH
Chicago Tula batting - Pitching for Columbia River Rats : RHP Danial Apodaca
Batting: RHB Héctor Hernández 0-0: Called Strike
0-1: Ball
1-1: Foul Ball, location: 2F
1-2: Fly out, F7 (Flyball, 78S)
Batting: RHB Gil Nichols 0-0: Called Strike
0-1: Ball
1-1: Ball
2-1: Swinging Strike
2-2: Fly out, F8 (Flyball, 8LM)
Batting: RHB Jorge Rodríguez 0-0: Fly out, F9 (Flyball, 89M)
Top of the 4th over - 0 run(s), 0 hit(s), 0 error(s), 0 left on base; Chicago 3 - Columbia 1
BOTTOM OF THE 4TH
Columbia River Rats batting - Pitching for Chicago Tula : RHP Ignacio Aguilar
Batting: RHB Ron Spence 0-0: Swinging Strike
0-1: SINGLE (Groundball, 6) (infield hit)
Batting: LHB Luis Vicenteno 0-0: Ball
1-0: Grounds into double play, 4-6-3 (Groundball, 4)
Batting: RHB Eduardo Checchinato 0-0: Ball
1-0: Ball
2-0: SOLO HOME RUN (Flyball, 78XD), Distance : 409 ft
Batting: RHB Héctor Rodríguez 0-0: Fly out, F9 (Flyball, 9LMF)
Bottom of the 4th over - 1 run(s), 2 hit(s), 0 error(s), 0 left on base; Chicago 3 - Columbia 2
TOP OF THE 5TH
Chicago Tula batting - Pitching for Columbia River Rats : RHP Danial Apodaca
Batting: LHB Arturo Ballina 0-0: Called Strike
0-1: Foul Ball, location: 2F
0-2: Fly out, F9 (Flyball, 89XD)
Batting: SHB Jake Richardson 0-0: Ball
1-0: SINGLE (Groundball, 34D)
Batting: LHB António González 0-0: Fly out, F8 (Flyball, 8RS)
Batting: LHB Roberto Sánchez 0-0: Fly out, F4 (Line Drive, 34D)
Top of the 5th over - 0 run(s), 1 hit(s), 0 error(s), 1 left on base; Chicago 3 - Columbia 2
BOTTOM OF THE 5TH
Columbia River Rats batting - Pitching for Chicago Tula : RHP Ignacio Aguilar
Batting: LHB Juan Montés 0-0: DOUBLE (Flyball, 9LD)
Batting: RHB Marcos Calderón 0-0: Called Strike
0-1: Foul Ball, location: 2F
0-2: Ball
1-2: Ball
2-2: Ball
3-2: Base on Balls
Batting: RHB Miguel Montoya 0-0: Called Strike
0-1: Foul Ball, location: 2F
0-2: Foul Ball, location: 2F
0-2: Fly out, F9 (Popup, 4D)
Batting: RHB Bryce Bancroft 0-0: DOUBLE (Flyball, 8RXD)
Juan Montés scores
Marcos Calderón to third
Batting: RHB Jan Gosselin 0-0: Intentional Walk
Batting: RHB Ron Spence 0-0: Fly out, F9 (Flyball, 9LS)
Batting: LHB Luis Vicenteno 0-0: Fly out, F8 (Flyball, 8RXD)
Bottom of the 5th over - 1 run(s), 2 hit(s), 0 error(s), 3 left on base; Chicago 3 - Columbia 3
TOP OF THE 6TH
Chicago Tula batting - Pitching for Columbia River Rats : RHP Danial Apodaca
Batting: LHB Gerald Kaufman 0-0: Fly out, F8 (Flyball, 8LM)
Batting: RHB Miguel Cruz 0-0: TRIPLE (Line Drive, 7LM)
Batting: RHB Héctor Hernández 0-0: Ball
1-0: Ball
2-0: Ground out 6-3 (Groundball, 6M)
Miguel Cruz scores
Batting: RHB Gil Nichols 0-0: Ball
1-0: Hit by Pitch
Batting: RHB Jorge Rodríguez 0-0: Called Strike
Gil Nichols steals 2nd base
0-1: Ball
1-1: Swinging Strike
1-2: Ball
2-2: Foul Ball, location: 2F
2-2: SINGLE (Groundball, 6D)
Gil Nichols to third
Runner from 3rd tries for Home, SAFE, no throw or cutoff
Batting: LHB Arturo Ballina 0-0: Ball
1-0: Ground out 4-3 (Groundball, 4)
Top of the 6th over - 2 run(s), 2 hit(s), 0 error(s), 1 left on base; Chicago 5 - Columbia 3
BOTTOM OF THE 6TH
Columbia River Rats batting - Pitching for Chicago Tula : RHP Ignacio Aguilar
Batting: RHB Eduardo Checchinato 0-0: Called Strike
0-1: Ball
1-1: Foul Ball, location: 2F
1-2: Foul Ball, location: 2F
1-2: Ball
2-2: Ball
3-2: Foul Ball, location: 2F
3-2: Foul Ball, location: 2F
3-2: Strikes out looking
Batting: RHB Héctor Rodríguez 0-0: Ball
1-0: Called Strike
1-1: Ground out 5-3 (Groundball, 5)
Batting: LHB Juan Montés 0-0: Called Strike
0-1: Ball
1-1: Swinging Strike
1-2: Ball
2-2: Foul Ball, location: 2F
2-2: Ground out 1-3 (Groundball, 13)
Bottom of the 6th over - 0 run(s), 0 hit(s), 0 error(s), 0 left on base; Chicago 5 - Columbia 3
TOP OF THE 7TH
Chicago Tula batting - Pitching for Columbia River Rats : RHP Danial Apodaca
Batting: SHB Jake Richardson 0-0: Ball
1-0: Called Strike
1-1: Ball
2-1: Ball
3-1: Swinging Strike
3-2: Fly out, F7 (Flyball, 7S)
Batting: LHB António González 0-0: Ball
1-0: Called Strike
1-1: Swinging Strike
1-2: Strikes out swinging
Batting: LHB Roberto Sánchez 0-0: Ball
1-0: SINGLE (Flyball, 8LS)
Pitching: LHP Manabu Kato
Batting: LHB Gerald Kaufman 0-0: Called Strike
0-1: Called Strike
Throwing error on steal attempt, E2
Roberto Sánchez to third
0-2: Ball
1-2: Fly out, F6 (Line Drive, 6)
Top of the 7th over - 0 run(s), 1 hit(s), 1 error(s), 1 left on base; Chicago 5 - Columbia 3
BOTTOM OF THE 7TH
Columbia River Rats batting - Pitching for Chicago Tula : RHP Ignacio Aguilar
Batting: RHB Marcos Calderón 0-0: Called Strike
0-1: Fly out, F7 (Line Drive, 7D)
Batting: RHB Miguel Montoya 0-0: SINGLE (Flyball, 89M)
Batting: RHB Bryce Bancroft 0-0: Called Strike
0-1: Ball
1-1: Ball
2-1: SINGLE (Flyball, 89S)
Miguel Montoya to second
Runner from 2nd tries for 3rd, OUT!
Bryce Bancroft to second
Batting: RHB Jan Gosselin 0-0: Ball
1-0: Foul Ball, location: 2F
1-1: Foul Ball, location: 2F
1-2: Fly out, F4 (Popup, 4MD)
Bottom of the 7th over - 0 run(s), 2 hit(s), 0 error(s), 1 left on base; Chicago 5 - Columbia 3
TOP OF THE 8TH
Chicago Tula batting - Pitching for Columbia River Rats : LHP Manabu Kato
Batting: RHB Miguel Cruz 0-0: Foul Ball, location: 2F
0-1: Fly out, F6 (Line Drive, 6)
Batting: RHB Héctor Hernández 0-0: Fly out, F7 (Flyball, 7S)
Batting: RHB Gil Nichols 0-0: Fly out, F7 (Flyball, 78S)
Top of the 8th over - 0 run(s), 0 hit(s), 0 error(s), 0 left on base; Chicago 5 - Columbia 3
BOTTOM OF THE 8TH
Columbia River Rats batting - Pitching for Chicago Tula : RHP Ignacio Aguilar
Pitching: RHP Jim Unknown
Batting: RHB Ron Spence 0-0: Called Strike
0-1: Ball
1-1: DOUBLE (Flyball, 7LM)
Batting: LHB Luis Vicenteno 0-0: Ball
1-0: Called Strike
1-1: Ball
2-1: SINGLE (Line Drive, 7S)
Ron Spence to third
Batting: RHB Eduardo Checchinato 0-0: Called Strike
0-1: Foul Ball, location: 2F
0-2: Ball
1-2: Ground out 1-3 (Groundball, 56S)
Luis Vicenteno to second
Pinch Hitting: LHB Jim Unknown 0-0: Ground out 1-3 (Groundball, 25)
Batting: LHB Juan Montés 0-0: Ball
1-0: Ball
2-0: SINGLE (Groundball, 4MD)
Ron Spence scores
Luis Vicenteno to third
Runner from 3rd tries for Home, SAFE, no throw or cutoff
Pinch Hitting: RHB Raúl Ortíz 0-0: Ball
1-0: Swinging Strike
1-1: Ball
2-1: Foul Ball, location: 2F
2-2: Foul Ball, location: 2F
2-2: Foul Ball, location: 2F
2-2: Ball
3-2: Strikes out swinging
Bottom of the 8th over - 2 run(s), 3 hit(s), 0 error(s), 1 left on base; Chicago 5 - Columbia 5
TOP OF THE 9TH
Chicago Tula batting - Pitching for Columbia River Rats : LHP Manabu Kato
Pitching: LHP Joaquín Ramírez
Now at 1B: Jim Unknown
Now at SS: Raúl Ortíz
Batting: RHB Jorge Rodríguez 0-0: Ball
1-0: Foul Ball, location: 2F
1-1: Fly out, F9 (Flyball, 9LS)
Pinch Hitting: RHB Tony Cantú 0-0: SINGLE (Line Drive, 6D)
Pinch Runner at 1st Gart Steenis:
Pinch Hitting: SHB Vince Barrowcliff 0-0: Ball
1-0: Ball
2-0: Ball
3-0: Called Strike
3-1: Fly out, F3 (Popup, 3L)
Batting: LHB António González 0-0: Ball
1-0: SINGLE (Groundball, 4M)
Gart Steenis to second
Runner from 2nd tries for 3rd, SAFE, throw made to third
Pinch Hitting: RHB Man-u Yi 0-0: Called Strike
0-1: Ball
1-1: Called Strike
1-2: Strikes out swinging
Top of the 9th over - 0 run(s), 2 hit(s), 0 error(s), 2 left on base; Chicago 5 - Columbia 5
BOTTOM OF THE 9TH
Columbia River Rats batting - Pitching for Chicago Tula : RHP Jim Unknown
Now at C: Mark Compton
Now at 1B: Gart Steenis
Now in LF: Man-u Yi
Batting: RHB Miguel Montoya 0-0: Ball
1-0: Ball
2-0: Called Strike
2-1: Swinging Strike
2-2: Strikes out swinging
Batting: RHB Bryce Bancroft 0-0: Ball
1-0: Ball
2-0: Fly out, F9 (Flyball, 9M)
Batting: RHB Jan Gosselin 0-0: Called Strike
0-1: Swinging Strike
0-2: Strikes out swinging
Bottom of the 9th over - 0 run(s), 0 hit(s), 0 error(s), 0 left on base; Chicago 5 - Columbia 5
TOP OF THE 10TH
Chicago Tula batting - Pitching for Columbia River Rats : LHP Joaquín Ramírez
Pinch Hitting: RHB Bryan Sanders 0-0: Ball
1-0: Called Strike
1-1: Ball
2-1: Foul Ball, location: 2F
2-2: SINGLE (Groundball, 5L)
Batting: RHB Miguel Cruz 0-0: Ball
1-0: Bunted foul
1-1: Ball
2-1: Bunted foul
2-2: Grounds into double play, 6-4-3 (Groundball, 6)
Batting: RHB Héctor Hernández 0-0: Ball
1-0: Ground out 5-3 (Groundball, 5)
Top of the 10th over - 0 run(s), 1 hit(s), 0 error(s), 0 left on base; Chicago 5 - Columbia 5
BOTTOM OF THE 10TH
Columbia River Rats batting - Pitching for Chicago Tula : RHP Jim Unknown
Pitching: LHP Héctor Rodríguez
Now in CF: Kichisaburo Otani
Pinch Hitting: RHB Víctor López 0-0: Called Strike
0-1: Fly out, F7 (Line Drive, 7M)
Pinch Hitting: RHB Edén Mont 0-0: Ball
1-0: Foul Ball, location: 2F
1-1: Fly out, F9 (Flyball, 89M)
Pinch Hitting: RHB José Valéncia 0-0: Ball
1-0: Ball
2-0: DOUBLE (Line Drive, 6D)
Batting: LHB Jim Unknown 0-0: Ball
1-0: Ball
2-0: Ball
3-0: Called Strike
3-1: Base on Balls
Batting: LHB Juan Montés 0-0: Ball
1-0: Ball
2-0: Ball
3-0: Swinging Strike
3-1: Foul Ball, location: 2F
3-2: Strikes out swinging
Bottom of the 10th over - 0 run(s), 1 hit(s), 0 error(s), 2 left on base; Chicago 5 - Columbia 5
TOP OF THE 11TH
Chicago Tula batting - Pitching for Columbia River Rats : LHP Joaquín Ramírez
Pitching: RHP Juan Lara
Now at C: José Valéncia
Now in CF: Edén Mont
Now in RF: Víctor López
Pinch Hitting: LHB Cole Thrash 0-0: Called Strike
0-1: Swinging Strike
0-2: Ball
1-2: Strikes out looking
Batting: RHB Jorge Rodríguez 0-0: Ball
1-0: Ball
2-0: Called Strike
2-1: Foul Ball, location: 2F
2-2: Strikes out swinging
Batting: RHB Gart Steenis 0-0: Called Strike
0-1: Called Strike
0-2: Strikes out swinging
Top of the 11th over - 0 run(s), 0 hit(s), 0 error(s), 0 left on base; Chicago 5 - Columbia 5
BOTTOM OF THE 11TH
Columbia River Rats batting - Pitching for Chicago Tula : LHP Héctor Rodríguez
Now in CF: Cole Thrash
Batting: RHB Raúl Ortíz 0-0: Ball
1-0: Ball
2-0: Foul Ball, location: 2F
2-1: Ball
3-1: Fly out, F9 (Flyball, 89M)
Batting: RHB Miguel Montoya 0-0: Called Strike
0-1: Ball
1-1: Ground out 6-3 (Groundball, 6)
Batting: RHB Bryce Bancroft 0-0: Fly out, F7 (Flyball, 78M)
Bottom of the 11th over - 0 run(s), 0 hit(s), 0 error(s), 0 left on base; Chicago 5 - Columbia 5
TOP OF THE 12TH
Chicago Tula batting - Pitching for Columbia River Rats : RHP Juan Lara
Batting: RHB Mark Compton 0-0: Foul Ball, location: 2F
0-1: Ground out 6-3 (Groundball, 6)
Batting: LHB António González 0-0: Ball
1-0: Foul Ball, location: 2F
1-1: Ball
2-1: Foul Ball, location: 2F
2-2: Strikes out swinging
Batting: RHB Man-u Yi 0-0: Ball
1-0: Ball
2-0: Foul Ball, location: 2F
2-1: Ball
3-1: Foul Ball, location: 2F
3-2: Strikes out swinging
Top of the 12th over - 0 run(s), 0 hit(s), 0 error(s), 0 left on base; Chicago 5 - Columbia 5
BOTTOM OF THE 12TH
Columbia River Rats batting - Pitching for Chicago Tula : LHP Héctor Rodríguez
Pitching: LHP Yeong-hwan Yang
Batting: RHB Jan Gosselin 0-0: Ball
1-0: Foul Ball, location: 2F
1-1: Foul Ball, location: 2F
1-2: Ball
2-2: Foul Ball, location: 2F
2-2: Strikes out swinging
Batting: RHB Víctor López 0-0: Called Strike
0-1: Fly out, F6 (Popup, 6M)
Batting: RHB Edén Mont 0-0: Called Strike
0-1: Fly out, F6 (Popup, 6MD)
Bottom of the 12th over - 0 run(s), 0 hit(s), 0 error(s), 0 left on base; Chicago 5 - Columbia 5
TOP OF THE 13TH
Chicago Tula batting - Pitching for Columbia River Rats : RHP Juan Lara
Batting: LHB Kichisaburo Otani 0-0: Ball
1-0: Foul Ball, location: 2F
1-1: Swinging Strike
1-2: Strikes out swinging
Batting: RHB Miguel Cruz 0-0: Called Strike
0-1: Swinging Strike
0-2: Strikes out swinging
Batting: RHB Héctor Hernández 0-0: Ball
1-0: Called Strike
1-1: Called Strike
1-2: Foul Ball, location: 2F
1-2: Strikes out swinging
Top of the 13th over - 0 run(s), 0 hit(s), 0 error(s), 0 left on base; Chicago 5 - Columbia 5
BOTTOM OF THE 13TH
Columbia River Rats batting - Pitching for Chicago Tula : LHP Yeong-hwan Yang
Batting: RHB José Valéncia 0-0: Ball
1-0: Ball
2-0: Swinging Strike
2-1: Called Strike
2-2: Ball
3-2: Strikes out looking
Batting: LHB Jim Unknown 0-0: Called Strike
0-1: Ground out 6-3 (Groundball, 6M)
Batting: LHB Juan Montés 0-0: Foul Ball, location: 2F
0-1: Fly out, F7 (Flyball, 7LM)
Bottom of the 13th over - 0 run(s), 0 hit(s), 0 error(s), 0 left on base; Chicago 5 - Columbia 5
TOP OF THE 14TH
Chicago Tula batting - Pitching for Columbia River Rats : RHP Juan Lara
Batting: LHB Cole Thrash 0-0: Called Strike
0-1: Foul Ball, location: 2F
0-2: Ball
1-2: Ground out 4-3 (Groundball, 4)
Batting: RHB Jorge Rodríguez 0-0: Foul Ball, location: 2F
0-1: Ball
1-1: Called Strike
1-2: Strikes out swinging
Batting: RHB Gart Steenis 0-0: Swinging Strike
0-1: Ball
1-1: Fly out, F9 (Line Drive, 9M)
Top of the 14th over - 0 run(s), 0 hit(s), 0 error(s), 0 left on base; Chicago 5 - Columbia 5
BOTTOM OF THE 14TH
Columbia River Rats batting - Pitching for Chicago Tula : LHP Yeong-hwan Yang
Batting: RHB Raúl Ortíz 0-0: Swinging Strike
0-1: Ball
1-1: Ball
2-1: Ball
3-1: SINGLE (Groundball, 56D)
Batting: RHB Miguel Montoya 0-0: Ball
1-0: Ball
2-0: Called Strike
2-1: Sac Bunt - play at second, runner OUT! 1-6
Batting: RHB Bryce Bancroft 0-0: Ball
Miguel Montoya is caught stealing 2nd base
1-0: Called Strike
1-1: Ball
2-1: DOUBLE (Groundball, 5L)
Batting: RHB Jan Gosselin 0-0: Fly out, F9 (Flyball, 9M)
Bottom of the 14th over - 0 run(s), 2 hit(s), 0 error(s), 1 left on base; Chicago 5 - Columbia 5
TOP OF THE 15TH
Chicago Tula batting - Pitching for Columbia River Rats : RHP Juan Lara
Batting: RHB Mark Compton 0-0: Ground out 6-3 (Groundball, 6)
Batting: LHB António González 0-0: Swinging Strike
0-1: Ball
1-1: Foul Ball, location: 2F
1-2: Strikes out looking
Batting: RHB Man-u Yi 0-0: Ball
1-0: Ball
2-0: Called Strike
2-1: Ball
3-1: Called Strike
3-2: Base on Balls
Batting: LHB Kichisaburo Otani 0-0: Ball
1-0: Ball
2-0: Called Strike
2-1: Fly out, F9 (Flyball, 89M)
Top of the 15th over - 0 run(s), 0 hit(s), 0 error(s), 1 left on base; Chicago 5 - Columbia 5
BOTTOM OF THE 15TH
Columbia River Rats batting - Pitching for Chicago Tula : LHP Yeong-hwan Yang
Batting: RHB Víctor López 0-0: SINGLE (Groundball, 6MD)
Batting: RHB Edén Mont 0-0: Sac Bunt - play at first, batter OUT! 1-4
Víctor López to second
Batting: RHB José Valéncia 0-0: Called Strike
0-1: Ball
1-1: Ball
2-1: Ground out 6-3 (Groundball, 6)
Batting: LHB Jim Unknown 0-0: Called Strike
0-1: Ball
1-1: Fly out, F6 (Popup, 56D)
Bottom of the 15th over - 0 run(s), 1 hit(s), 0 error(s), 1 left on base; Chicago 5 - Columbia 5
TOP OF THE 16TH
Chicago Tula batting - Pitching for Columbia River Rats : RHP Juan Lara
Pitching: RHP Ipe Talboom
Batting: RHB Miguel Cruz 0-0: Ball
1-0: Foul Ball, location: 2F
1-1: Foul Ball, location: 2F
1-2: Strikes out looking
Batting: RHB Héctor Hernández 0-0: Ball
1-0: Called Strike
1-1: Ball
2-1: Foul Ball, location: 2F
2-2: Strikes out swinging
Batting: LHB Cole Thrash 0-0: Foul Ball, location: 2F
0-1: SINGLE (Groundball, 34D)
Batting: RHB Jorge Rodríguez 0-0: SINGLE (Groundball, 5L)
Cole Thrash to second
Batting: RHB Gart Steenis 0-0: Foul Ball, location: 2F
0-1: Fly out, F9 (Flyball, 9LM)
Top of the 16th over - 0 run(s), 2 hit(s), 0 error(s), 2 left on base; Chicago 5 - Columbia 5
BOTTOM OF THE 16TH
Columbia River Rats batting - Pitching for Chicago Tula : LHP Yeong-hwan Yang
Batting: LHB Juan Montés 0-0: Ball
1-0: Called Strike
1-1: Foul Ball, location: 2F
1-2: Strikes out swinging
Batting: RHB Raúl Ortíz 0-0: Fly out, F9 (Flyball, 89M)
Batting: RHB Miguel Montoya 0-0: Called Strike
0-1: Ball
1-1: Foul Ball, location: 2F
1-2: SINGLE (Line Drive, 6D)
Batting: RHB Bryce Bancroft 0-0: Called Strike
0-1: Called Strike
0-2: Ball
1-2: Fielders Choice at 2nd, 5-4 (Groundball, 56)
Bottom of the 16th over - 0 run(s), 1 hit(s), 0 error(s), 0 left on base; Chicago 5 - Columbia 5
TOP OF THE 17TH
Chicago Tula batting - Pitching for Columbia River Rats : RHP Ipe Talboom
Batting: RHB Mark Compton 0-0: Called Strike
0-1: Called Strike
0-2: Ball
1-2: Foul Ball, location: 2F
1-2: Ball
2-2: Strikes out swinging
Batting: LHB António González 0-0: Ball
1-0: Ball
2-0: SINGLE (Groundball, 3D)
Batting: RHB Man-u Yi 0-0: Called Strike
0-1: Called Strike
António González steals 2nd base
0-2: Ball
1-2: Ball
2-2: Ball
3-2: Base on Balls
Batting: LHB Kichisaburo Otani 0-0: Called Strike
0-1: Foul Ball, location: 2F
0-2: Foul Ball, location: 2F
0-2: Ball
1-2: Ball
2-2: DOUBLE (Line Drive, 9LM)
António González scores
Man-u Yi to third
Runner from 3rd tries for Home, SAFE, no throw or cutoff
Batting: RHB Miguel Cruz 0-0: Intentional Walk
Batting: RHB Héctor Hernández 0-0: Foul Ball, location: 2F
0-1: Ball
1-1: Foul Ball, location: 2F
1-2: Ball
2-2: Ball
3-2: SINGLE (Line Drive, 4MD)
Kichisaburo Otani to third
Miguel Cruz to second
Batting: LHB Cole Thrash 0-0: Ball
1-0: Ball
2-0: Ball
3-0: Called Strike
3-1: Called Strike
3-2: Ground out 3-1 (Groundball, 34)
Kichisaburo Otani scores
Miguel Cruz to third
Héctor Hernández to second
Pitching: LHP Augusto Pérez
Batting: RHB Jorge Rodríguez 0-0: Ball
1-0: Ball
2-0: Called Strike
2-1: Called Strike
2-2: Ball
3-2: Foul Ball, location: 2F
3-2: Foul Ball, location: 2F
3-2: SINGLE (Line Drive, 6MD)
Miguel Cruz scores
Héctor Hernández to third
Héctor Hernández scores
Batting: RHB Gart Steenis 0-0: Ball
1-0: Ball
2-0: Ball
3-0: Called Strike
3-1: Called Strike
3-2: DOUBLE (Flyball, 89M)
Jorge Rodríguez to third
Jorge Rodríguez scores
Batting: RHB Mark Compton 0-0: Ball
1-0: Ball
Wild Pitch!
Gart Steenis to third
2-0: Ball
3-0: Called Strike
3-1: Base on Balls
Batting: LHB António González 0-0: Called Strike
0-1: Ball
1-1: Swinging Strike
1-2: 3-RUN HOME RUN (Flyball, 9LD), Distance : 345 ft
Pitching: RHP Manny Pérez
Batting: RHB Man-u Yi 0-0: Called Strike
0-1: Called Strike
0-2: Strikes out swinging
Top of the 17th over - 9 run(s), 6 hit(s), 0 error(s), 0 left on base; Chicago 14 - Columbia 5
BOTTOM OF THE 17TH
Columbia River Rats batting - Pitching for Chicago Tula : LHP Yeong-hwan Yang
Batting: RHB Jan Gosselin 0-0: Foul Ball, location: 2F
0-1: Foul Ball, location: 2F
0-2: Ball
1-2: Ball
2-2: Ball
3-2: Foul Ball, location: 2F
3-2: Foul Ball, location: 2F
3-2: Foul Ball, location: 2F
3-2: SINGLE (Flyball, 8RS)
Pitching: LHP Jim Unknown
Batting: RHB Víctor López 0-0: Ball
1-0: Ball
2-0: Foul Ball, location: 2F
2-1: Ball
3-1: SINGLE (Groundball, 4M)
Jan Gosselin to second
Batting: RHB Edén Mont 0-0: DOUBLE (Flyball, 89S)
Jan Gosselin scores
Víctor López to third
Batting: RHB José Valéncia 0-0: Ground out 5-3 (Groundball, 5)
Batting: LHB Jim Unknown 0-0: Swinging Strike
0-1: Ball
1-1: Ball
2-1: Fly out, F8 (Flyball, 8LM)
Runner from 3rd tags up, SCORES, no throw
Batting: LHB Juan Montés 0-0: Called Strike
0-1: Ball
1-1: Foul Ball, location: 2F
1-2: Fly out, F6 (Line Drive, 56D)
Bottom of the 17th over - 2 run(s), 3 hit(s), 0 error(s), 1 left on base; Chicago 14 - Columbia 7
This league is powered by Out of the Park Baseball, the baseball management simulation game for PC, Mac and Linux
Friday, April 15th, 2016 - OOTP Baseball 16.9 Build 39